Flyers vs Avalanche

Created - December 9 2007 at 12:05

Goals
1 2 3 T
Flyers 1 2 0 3
Avalanche 1 1 0 2
Shots
1 2 3 T
Flyers 5 9 10 24
Avalanche 9 11 9 29

Period #1

1. Avalanche , Martin Rucinsky 8 (Marek Svatos) at 4:03
2. Flyers , Sami Kapanen 4 (Darryl Sydor, Mike Rathje) at 11:42

Penalties :
Denis Gauthier (PHI) for Hooking (Minor) at 1:40, Peter Forsberg (PHI) for Roughing (Minor) at 4:04

Period #2

3. Flyers , Brent Seabrook 2 (Tomas Holmstrom, Todd White) at 11:31 (PP)
4. Flyers , Tomas Holmstrom 15 (Keith Tkachuk, Todd White) at 12:54
5. Avalanche , Brett Mclean 2 (Keith Ballard, Sergei Brylin) at 15:52

Penalties :
Owen Nolan (PHI) for High sticking (Minor) at 3:05, Mark Recchi (COL) for Roughing (Minor) at 6:14, Marek Svatos (COL) for Holding (Minor) at 9:23, Ken Klee (COL) for Hooking (Minor) at 10:25

Period #3

No Goal

Penalties :
Wojtek Wolski (COL) for Hooking (Minor) at 5:58, Brent Seabrook (PHI) for Hooking (Minor) at 10:04, Jeff Friesen (PHI) for Unsportsmanlike conduct (Major / Game Misconduct) at 14:54

Goalie Stats

Chris Osgood (PHI), 27 saves from 29 shots - (0.931), W, 21-9-3, 60:00 minutes
Mike Smith (COL), 21 saves from 24 shots - (0.875), L, 11-13-4, 59:00 minutes

Players Stats

Flyers
Player Name              G  A  P  +/- PIM S  H  SB FO MP 
-----------------------------------------------------------
Alexander Radulov        0  0  0  -1  0   2  2  0  1  16 
Branko Radivojevic       0  0  0   0  0   1  2  0  0  6  
Brent Seabrook           1  0  1  -1  2   1  3  0  0  25 
Darryl Sydor             0  1  1   1  0   0  0  1  0  19 
Denis Gauthier           0  0  0   0  2   0  2  0  0  20 
Jeff Friesen             0  0  0   0  15  0  1  1  1  10 
Keith Tkachuk            0  1  1   0  0   7  3  0  3  17 
Michal Handzus           0  0  0   0  0   0  0  0  10 12 
Mike Knuble              0  0  0  -1  0   3  3  0  0  15 
Mike Rathje              0  1  1   1  0   0  0  1  0  18 
Owen Nolan               0  0  0   1  2   1  4  0  1  13 
Pavel Kubina             0  0  0   0  0   0  1  2  0  22 
Peter Forsberg           0  0  0  -1  2   0  2  0  18 17 
Sami Kapanen             1  0  1   1  0   3  2  0  2  19 
Samuel Pahlsson          0  0  0   1  0   1  4  0  27 19 
Todd White               0  2  2   0  0   2  1  0  18 17 
Tomas Holmstrom          1  1  2   0  0   2  1  0  2  17 
Wade Redden              0  0  0  -1  0   1  1  0  0  23 
Avalanche
Player Name              G  A  P  +/- PIM S  H  SB FO MP 
-----------------------------------------------------------
Brett Mclean             1  0  1   0  0   2  0  0  12 9  
Derek Armstrong          0  0  0   0  0   1  1  0  13 14 
Gary Roberts             0  0  0   0  0   0  1  0  2  19 
Joffrey Lupul            0  0  0   0  0   0  2  0  2  8  
Jozef Stumpel            0  0  0   0  0   3  5  0  22 19 
Keith Ballard            0  1  1   0  0   5  4  0  0  25 
Ken Klee                 0  0  0   0  2   0  5  2  0  24 
Kevin Klein              0  0  0   0  0   1  0  0  0  14 
Kurt Sauer               0  0  0   0  0   0  1  2  0  18 
Marek Svatos             0  1  1   0  2   1  1  0  1  14 
Mark Recchi              0  0  0   0  2   3  2  0  5  19 
Martin Rucinsky          1  0  1   0  0   4  1  0  1  15 
Mike Modano              0  0  0   0  0   2  3  1  25 21 
Ossi Vaananen            0  0  0   0  0   1  2  3  0  22 
Patrick Sharp            0  0  0   0  0   2  1  0  0  19 
Randy Jones              0  0  0   0  0   3  1  4  0  22 
Sergei Brylin            0  1  1   0  0   1  2  0  0  16 
Wojtek Wolski            0  0  0   0  2   0  0  0  0  11 

3 Stars

1 - Tomas Holmstrom (PHI)
2 - Sami Kapanen (PHI)
3 - Brent Seabrook (PHI)

Power Play

Flyers - 1 on 4 Attempt(s) - 25.00%
Avalanche - 0 on 5 Attempt(s) - 0.00%

Penalty Kill

Flyers - 5 on 5 Attempt(s) - 100.00% - Score 0 goal in Penalty Kill
Avalanche - 3 on 4 Attempt(s) - 75.00% - Score 0 goal in Penalty Kill

Game Notes

Jeff Friesen ejected from game at 14:54 of 3rd period

Finance

Level 1 -- Attendance: 5192 (86.54%) -- Ticket Income $467,280.00
Level 2 -- Attendance: 2892 (57.85%) -- Ticket Income $173,520.00
Level 3 -- Attendance: 1385 (68.99%) -- Ticket Income $48,475.00
Level 4 -- Attendance: 2015 (50.37%) -- Ticket Income $50,375.00
Luxury Box -- Attendance: 810 (81.04%) -- Ticket Income $162,000.00
Game was played at the Pepsi Center
Total Attendance: 12294 (68.27%)
Total Ticket Income: $987,202.20
Other Income: $137,471.70
Total Income: $1,124,674.00


Play by Play

Period #1

0:01 of 1st period - Jozef Stumpel wins face-off versus Peter Forsberg in neutral zone.
0:01 of 1st period - Mark Recchi is hit by Wade Redden and loses puck.
0:18 of 1st period - Alexander Radulov is hit by Keith Ballard and loses puck.
0:23 of 1st period - Shot by Mike Knuble.
0:23 of 1st period - Shot Blocked by Ken Klee.
0:33 of 1st period - Brent Seabrook is hit by Jozef Stumpel and loses puck.
1:06 of 1st period - Off-side.
1:07 of 1st period - Derek Armstrong wins face-off versus Owen Nolan in neutral zone.
1:07 of 1st period - Kevin Klein is hit by Samuel Pahlsson and loses puck.
1:22 of 1st period - Shot by Owen Nolan.
1:22 of 1st period - Shot Misses the Net.
1:24 of 1st period - Shot by Darryl Sydor.
1:24 of 1st period - Shot Blocked by Kurt Sauer.
1:28 of 1st period - Shot by Sami Kapanen.
1:28 of 1st period - Stopped by Mike Smith without a rebound.
1:29 of 1st period - Todd White wins face-off versus Mike Modano in Avalanche zone.
1:40 of 1st period - Minor Penalty to Denis Gauthier for Hooking.
1:41 of 1st period - Mike Modano wins face-off versus Sami Kapanen in Flyers zone.
2:34 of 1st period - Shot by Keith Ballard.
2:34 of 1st period - Stopped by Chris Osgood without a rebound.
2:35 of 1st period - Samuel Pahlsson wins face-off versus Jozef Stumpel in Flyers zone.
2:45 of 1st period - Mark Recchi is hit by Jeff Friesen and loses puck.
2:52 of 1st period - Shot by Jozef Stumpel.
2:52 of 1st period - Shot Misses the Net.
2:54 of 1st period - Shot by Ken Klee.
2:54 of 1st period - Shot Blocked by Pavel Kubina.
2:56 of 1st period - Shot by Ken Klee.
2:56 of 1st period - Shot Blocked by Jeff Friesen.
2:58 of 1st period - Shot by Mark Recchi.
2:58 of 1st period - Stopped by Chris Osgood without a rebound.
2:59 of 1st period - Gary Roberts wins face-off versus Samuel Pahlsson in Flyers zone.
4:03 of 1st period - Shot by Martin Rucinsky.
4:03 of 1st period - Goal by Martin Rucinsky - Flyers : 0 - Avalanche : 1.
4:04 of 1st period - Jozef Stumpel wins face-off versus Peter Forsberg in neutral zone.
4:04 of 1st period - Minor Penalty to Peter Forsberg for Roughing.
4:05 of 1st period - Michal Handzus wins face-off versus Jozef Stumpel in neutral zone.
4:18 of 1st period - Shot by Keith Ballard.
4:18 of 1st period - Stopped by Chris Osgood with a rebound.
5:15 of 1st period - Shot by Mike Modano.
5:15 of 1st period - Stopped by Chris Osgood with a rebound.
5:19 of 1st period - Shot by Gary Roberts.
5:19 of 1st period - Shot Misses the Net.
6:00 of 1st period - Icing by Jozef Stumpel.
6:01 of 1st period - Jozef Stumpel wins face-off versus Alexander Radulov in Avalanche zone.
7:21 of 1st period - Kevin Klein is hit by Keith Tkachuk.
7:36 of 1st period - Kurt Sauer is hit by Denis Gauthier and loses puck.
8:32 of 1st period - Icing by Darryl Sydor.
8:33 of 1st period - Jozef Stumpel wins face-off versus Sami Kapanen in Flyers zone.
9:02 of 1st period - Icing by Brent Seabrook.
9:03 of 1st period - Peter Forsberg wins face-off versus Brett Mclean in Flyers zone.
9:09 of 1st period - Icing by Ken Klee.
9:10 of 1st period - Jeff Friesen wins face-off versus Brett Mclean in Avalanche zone.
9:52 of 1st period - Jeff Friesen is hit by Gary Roberts and loses puck.
10:07 of 1st period - Shot by Patrick Sharp.
10:07 of 1st period - Shot Misses the Net.
10:11 of 1st period - Shot by Ossi Vaananen.
10:11 of 1st period - Stopped by Chris Osgood without a rebound.
10:12 of 1st period - Keith Tkachuk wins face-off versus Mark Recchi in Flyers zone.
10:20 of 1st period - Icing by Ossi Vaananen.
10:21 of 1st period - Todd White wins face-off versus Jozef Stumpel in Avalanche zone.
11:01 of 1st period - Icing by Todd White.
11:02 of 1st period - Todd White wins face-off versus Brett Mclean in Flyers zone.
11:02 of 1st period - Todd White is hit by Joffrey Lupul.
11:09 of 1st period - Keith Tkachuk is hit by Sergei Brylin and loses puck.
11:13 of 1st period - Icing by Ken Klee.
11:14 of 1st period - Brett Mclean wins face-off versus Samuel Pahlsson in Avalanche zone.
11:30 of 1st period - Shot by Darryl Sydor.
11:30 of 1st period - Shot Misses the Net.
11:34 of 1st period - Shot by Darryl Sydor.
11:34 of 1st period - Shot Misses the Net.
11:36 of 1st period - Shot by Sami Kapanen.
11:36 of 1st period - Shot Blocked by Ken Klee.
11:38 of 1st period - Shot by Mike Rathje.
11:38 of 1st period - Shot Misses the Net.
11:42 of 1st period - Shot by Sami Kapanen.
11:42 of 1st period - Goal by Sami Kapanen - Flyers : 1 - Avalanche : 1.
11:43 of 1st period - Peter Forsberg wins face-off versus Derek Armstrong in neutral zone.
11:43 of 1st period - Mike Knuble is hit by Kurt Sauer and loses puck.
12:31 of 1st period - Icing by Darryl Sydor.
12:32 of 1st period - Samuel Pahlsson wins face-off versus Mike Modano in Flyers zone.
12:45 of 1st period - Shot by Samuel Pahlsson.
12:45 of 1st period - Shot Blocked by Mike Modano.
12:47 of 1st period - Shot by Samuel Pahlsson.
12:47 of 1st period - Stopped by Mike Smith without a rebound.
12:48 of 1st period - Todd White wins face-off versus Jozef Stumpel in Avalanche zone.
12:53 of 1st period - Shot by Todd White.
12:53 of 1st period - Shot Misses the Net.
12:57 of 1st period - Shot by Keith Tkachuk.
12:57 of 1st period - Stopped by Mike Smith without a rebound.
12:58 of 1st period - Keith Tkachuk wins face-off versus Mike Modano in Avalanche zone.
13:21 of 1st period - Shot by Keith Tkachuk.
13:21 of 1st period - Shot Misses the Net.
14:14 of 1st period - Off-side.
14:15 of 1st period - Peter Forsberg wins face-off versus Derek Armstrong in neutral zone.
14:34 of 1st period - Shot by Derek Armstrong.
14:34 of 1st period - Stopped by Chris Osgood without a rebound.
14:35 of 1st period - Joffrey Lupul wins face-off versus Michal Handzus in Flyers zone.
14:52 of 1st period - Jeff Friesen is hit by Ken Klee and loses puck.
15:05 of 1st period - Shot by Branko Radivojevic.
15:05 of 1st period - Stopped by Mike Smith without a rebound.
15:06 of 1st period - Samuel Pahlsson wins face-off versus Derek Armstrong in Avalanche zone.
15:17 of 1st period - Marek Svatos is hit by Owen Nolan and loses puck.
16:14 of 1st period - Icing by Derek Armstrong.
16:15 of 1st period - Peter Forsberg wins face-off versus Martin Rucinsky in Avalanche zone.
16:18 of 1st period - Shot by Mike Knuble.
16:18 of 1st period - Shot Misses the Net.
17:14 of 1st period - Shot by Ken Klee.
17:14 of 1st period - Shot Misses the Net.
17:16 of 1st period - Shot by Mark Recchi.
17:16 of 1st period - Stopped by Chris Osgood without a rebound.
17:17 of 1st period - Samuel Pahlsson wins face-off versus Mike Modano in Flyers zone.
17:31 of 1st period - Mike Modano is hit by Sami Kapanen and loses puck.
17:38 of 1st period - Shot by Patrick Sharp.
17:38 of 1st period - Stopped by Chris Osgood without a rebound.
17:39 of 1st period - Brett Mclean wins face-off versus Todd White in Flyers zone.
18:00 of 1st period - Denis Gauthier is hit by Keith Ballard and loses puck.
18:12 of 1st period - Sergei Brylin is hit by Pavel Kubina and loses puck.
18:40 of 1st period - Icing by Brent Seabrook.
18:41 of 1st period - Mike Modano wins face-off versus Michal Handzus in Flyers zone.
18:46 of 1st period - Shot by Patrick Sharp.
18:46 of 1st period - Shot Misses the Net.
19:30 of 1st period - Icing by Randy Jones.
19:31 of 1st period - Mike Modano wins face-off versus Samuel Pahlsson in Avalanche zone.
19:31 of 1st period - Mike Modano is hit by Owen Nolan.

Period #2

0:01 of 2nd period - Jozef Stumpel wins face-off versus Peter Forsberg in neutral zone.
0:03 of 2nd period - Mark Recchi is hit by Peter Forsberg and loses puck.
0:41 of 2nd period - Shot by Wojtek Wolski.
0:41 of 2nd period - Shot Misses the Net.
0:43 of 2nd period - Shot by Jozef Stumpel.
0:43 of 2nd period - Stopped by Chris Osgood without a rebound.
0:44 of 2nd period - Todd White wins face-off versus Mike Modano in Flyers zone.
0:44 of 2nd period - Keith Tkachuk is hit by Mike Modano and loses puck.
0:49 of 2nd period - Shot by Randy Jones.
0:49 of 2nd period - Shot Misses the Net.
0:51 of 2nd period - Shot by Randy Jones.
0:51 of 2nd period - Stopped by Chris Osgood with a rebound.
0:53 of 2nd period - Shot by Randy Jones.
0:53 of 2nd period - Stopped by Chris Osgood without a rebound.
0:54 of 2nd period - Derek Armstrong wins face-off versus Samuel Pahlsson in Flyers zone.
0:59 of 2nd period - Shot by Martin Rucinsky.
0:59 of 2nd period - Stopped by Chris Osgood without a rebound.
1:00 of 2nd period - Todd White wins face-off versus Mike Modano in Flyers zone.
1:02 of 2nd period - Icing by Keith Tkachuk.
1:03 of 2nd period - Mike Modano wins face-off versus Todd White in Flyers zone.
1:48 of 2nd period - Shot by Mike Modano.
1:48 of 2nd period - Deflect By Gary Roberts.
1:48 of 2nd period - Shot Misses the Net.
2:11 of 2nd period - Jozef Stumpel is hit by Keith Tkachuk and loses puck.
2:14 of 2nd period - Shot by Jozef Stumpel.
2:14 of 2nd period - Shot Misses the Net.
2:18 of 2nd period - Shot by Jozef Stumpel.
2:18 of 2nd period - Shot Misses the Net.
2:22 of 2nd period - Shot by Jozef Stumpel.
2:22 of 2nd period - Shot Misses the Net.
2:27 of 2nd period - Shot by Jozef Stumpel.
2:27 of 2nd period - Shot Misses the Net.
2:29 of 2nd period - Shot by Jozef Stumpel.
2:29 of 2nd period - Shot Misses the Net.
2:33 of 2nd period - Shot by Mark Recchi.
2:33 of 2nd period - Stopped by Chris Osgood with a rebound.
2:35 of 2nd period - Shot by Keith Ballard.
2:35 of 2nd period - Stopped by Chris Osgood without a rebound.
2:36 of 2nd period - Derek Armstrong wins face-off versus Peter Forsberg in Flyers zone.
2:56 of 2nd period - Shot by Peter Forsberg.
2:56 of 2nd period - Shot Misses the Net.
2:58 of 2nd period - Shot by Wade Redden.
2:58 of 2nd period - Stopped by Mike Smith without a rebound.
2:59 of 2nd period - Brett Mclean wins face-off versus Samuel Pahlsson in Avalanche zone.
3:01 of 2nd period - Sergei Brylin is hit by Samuel Pahlsson and loses puck.
3:05 of 2nd period - Minor Penalty to Owen Nolan for High sticking.
3:06 of 2nd period - Samuel Pahlsson wins face-off versus Mike Modano in neutral zone.
3:25 of 2nd period - Shot by Mike Modano.
3:25 of 2nd period - Shot Misses the Net.
3:27 of 2nd period - Shot by Randy Jones.
3:27 of 2nd period - Stopped by Chris Osgood without a rebound.
3:28 of 2nd period - Mark Recchi wins face-off versus Samuel Pahlsson in Flyers zone.
3:53 of 2nd period - Shot by Jozef Stumpel.
3:53 of 2nd period - Shot Misses the Net.
3:57 of 2nd period - Shot by Sergei Brylin.
3:57 of 2nd period - Shot Blocked by Darryl Sydor.
3:59 of 2nd period - Shot by Keith Ballard.
3:59 of 2nd period - Stopped by Chris Osgood without a rebound.
4:00 of 2nd period - Mike Modano wins face-off versus Samuel Pahlsson in Flyers zone.
4:22 of 2nd period - Icing by Gary Roberts.
4:23 of 2nd period - Mike Modano wins face-off versus Michal Handzus in Avalanche zone.
4:42 of 2nd period - Icing by Mike Modano.
4:43 of 2nd period - Mike Modano wins face-off versus Samuel Pahlsson in Avalanche zone.
5:05 of 2nd period - Randy Jones is hit by Alexander Radulov and loses puck.
5:13 of 2nd period - Peter Forsberg is hit by Mark Recchi and loses puck.
5:39 of 2nd period - Mike Knuble is hit by Mark Recchi and loses puck.
5:53 of 2nd period - Samuel Pahlsson is hit by Jozef Stumpel.
6:00 of 2nd period - Owen Nolan is hit by Ken Klee and loses puck.
6:07 of 2nd period - Shot by Samuel Pahlsson.
6:07 of 2nd period - Shot Misses the Net.
6:09 of 2nd period - Shot by Darryl Sydor.
6:09 of 2nd period - Shot Misses the Net.
6:13 of 2nd period - Shot by Owen Nolan.
6:13 of 2nd period - Stopped by Mike Smith with a rebound.
6:14 of 2nd period - Minor Penalty to Mark Recchi for Roughing.
6:15 of 2nd period - Mike Modano wins face-off versus Tomas Holmstrom in Avalanche zone.
6:15 of 2nd period - Sergei Brylin is hit by Todd White and loses puck.
6:32 of 2nd period - Shot by Todd White.
6:32 of 2nd period - Shot Misses the Net.
7:07 of 2nd period - Wade Redden is hit by Jozef Stumpel and loses puck.
7:31 of 2nd period - Mike Modano is hit by Mike Knuble and loses puck.
8:20 of 2nd period - Icing by Keith Ballard.
8:21 of 2nd period - Jozef Stumpel wins face-off versus Michal Handzus in Avalanche zone.
8:51 of 2nd period - Jeff Friesen is hit by Derek Armstrong and loses puck.
9:01 of 2nd period - Icing by Kevin Klein.
9:02 of 2nd period - Derek Armstrong wins face-off versus Samuel Pahlsson in Avalanche zone.
9:02 of 2nd period - Derek Armstrong is hit by Samuel Pahlsson.
9:20 of 2nd period - Shot by Sami Kapanen.
9:20 of 2nd period - Shot Blocked by Ossi Vaananen.
9:22 of 2nd period - Shot by Samuel Pahlsson.
9:22 of 2nd period - Shot Misses the Net.
9:23 of 2nd period - Minor Penalty to Marek Svatos for Holding.
9:24 of 2nd period - Mike Modano wins face-off versus Peter Forsberg in Avalanche zone.
9:24 of 2nd period - Sergei Brylin is hit by Alexander Radulov and loses puck.
9:38 of 2nd period - Peter Forsberg is hit by Mike Modano and loses puck.
9:42 of 2nd period - Alexander Radulov is hit by Ossi Vaananen and loses puck.
9:45 of 2nd period - Shot by Mike Knuble.
9:45 of 2nd period - Shot Blocked by Ossi Vaananen.
9:47 of 2nd period - Shot by Denis Gauthier.
9:47 of 2nd period - Shot Misses the Net.
9:51 of 2nd period - Shot by Peter Forsberg.
9:51 of 2nd period - Shot Misses the Net.
9:53 of 2nd period - Shot by Denis Gauthier.
9:53 of 2nd period - Shot Blocked by Randy Jones.
9:57 of 2nd period - Shot by Alexander Radulov.
9:57 of 2nd period - Deflect By Peter Forsberg.
9:57 of 2nd period - Shot Hit the Post.
10:01 of 2nd period - Shot by Mike Knuble.
10:01 of 2nd period - Stopped by Mike Smith without a rebound.
10:02 of 2nd period - Jozef Stumpel wins face-off versus Tomas Holmstrom in Avalanche zone.
10:02 of 2nd period - Mark Recchi is hit by Tomas Holmstrom.
10:07 of 2nd period - Keith Tkachuk is hit by Ken Klee and loses puck.
10:25 of 2nd period - Minor Penalty to Ken Klee for Hooking.
10:26 of 2nd period - Peter Forsberg wins face-off versus Mark Recchi in Avalanche zone.
11:23 of 2nd period - Shot by Brent Seabrook.
11:23 of 2nd period - Shot Misses the Net.
11:25 of 2nd period - Shot by Keith Tkachuk.
11:25 of 2nd period - Shot Misses the Net.
11:27 of 2nd period - Shot by Todd White.
11:27 of 2nd period - Stopped by Mike Smith with a rebound.
11:29 of 2nd period - Shot by Tomas Holmstrom.
11:29 of 2nd period - Shot Misses the Net.
11:31 of 2nd period - Shot by Brent Seabrook.
11:31 of 2nd period - Goal by Brent Seabrook - Flyers : 2 - Avalanche : 1.
11:32 of 2nd period - Samuel Pahlsson wins face-off versus Brett Mclean in neutral zone.
12:00 of 2nd period - Icing by Darryl Sydor.
12:01 of 2nd period - Derek Armstrong wins face-off versus Samuel Pahlsson in Flyers zone.
12:07 of 2nd period - Derek Armstrong is hit by Owen Nolan.
12:32 of 2nd period - Icing by Kurt Sauer.
12:33 of 2nd period - Todd White wins face-off versus Derek Armstrong in Avalanche zone.
12:33 of 2nd period - Keith Tkachuk is hit by Martin Rucinsky and loses puck.
12:50 of 2nd period - Shot by Keith Tkachuk.
12:50 of 2nd period - Stopped by Mike Smith with a rebound.
12:54 of 2nd period - Shot by Tomas Holmstrom.
12:54 of 2nd period - Goal by Tomas Holmstrom - Flyers : 3 - Avalanche : 1.
12:55 of 2nd period - Mike Modano wins face-off versus Peter Forsberg in neutral zone.
12:55 of 2nd period - Mike Modano is hit by Mike Knuble.
13:26 of 2nd period - Peter Forsberg is hit by Ossi Vaananen and loses puck.
13:53 of 2nd period - Shot by Keith Tkachuk.
13:53 of 2nd period - Stopped by Mike Smith without a rebound.
13:54 of 2nd period - Samuel Pahlsson wins face-off versus Jozef Stumpel in Avalanche zone.
13:54 of 2nd period - Samuel Pahlsson is hit by Ken Klee.
14:19 of 2nd period - Darryl Sydor is hit by Jozef Stumpel and loses puck.
14:32 of 2nd period - Shot by Jozef Stumpel.
14:32 of 2nd period - Stopped by Chris Osgood without a rebound.
14:33 of 2nd period - Todd White wins face-off versus Derek Armstrong in Flyers zone.
14:33 of 2nd period - Todd White is hit by Marek Svatos.
14:51 of 2nd period - Martin Rucinsky is hit by Denis Gauthier and loses puck.
15:48 of 2nd period - Shot by Brett Mclean.
15:48 of 2nd period - Stopped by Chris Osgood with a rebound.
15:50 of 2nd period - Shot by Keith Ballard.
15:50 of 2nd period - Shot Misses the Net.
15:52 of 2nd period - Shot by Brett Mclean.
15:52 of 2nd period - Goal by Brett Mclean - Flyers : 3 - Avalanche : 2.
15:53 of 2nd period - Mike Modano wins face-off versus Samuel Pahlsson in neutral zone.
16:19 of 2nd period - Sami Kapanen is hit by Patrick Sharp and loses puck.
17:05 of 2nd period - Marek Svatos is hit by Brent Seabrook and loses puck.
17:30 of 2nd period - Wojtek Wolski is hit by Branko Radivojevic and loses puck.
18:44 of 2nd period - Peter Forsberg is hit by Mike Modano.
18:48 of 2nd period - Shot by Alexander Radulov.
18:48 of 2nd period - Stopped by Mike Smith without a rebound.
18:49 of 2nd period - Marek Svatos wins face-off versus Samuel Pahlsson in Avalanche zone.
18:49 of 2nd period - Marek Svatos is hit by Sami Kapanen.
18:52 of 2nd period - Kevin Klein is hit by Samuel Pahlsson.
19:41 of 2nd period - Off-side.
19:42 of 2nd period - Todd White wins face-off versus Mark Recchi in neutral zone.
19:42 of 2nd period - Keith Tkachuk is hit by Jozef Stumpel.
19:44 of 2nd period - Shot by Todd White.
19:44 of 2nd period - Shot Misses the Net.

Period #3

0:01 of 3rd period - Peter Forsberg wins face-off versus Jozef Stumpel in neutral zone.
0:03 of 3rd period - Off-side.
0:04 of 3rd period - Jozef Stumpel wins face-off versus Peter Forsberg in neutral zone.
0:06 of 3rd period - Off-side.
0:07 of 3rd period - Jozef Stumpel wins face-off versus Peter Forsberg in neutral zone.
0:07 of 3rd period - Jozef Stumpel is hit by Mike Knuble.
0:22 of 3rd period - Keith Ballard is hit by Peter Forsberg and loses puck.
1:19 of 3rd period - Shot by Todd White.
1:19 of 3rd period - Shot Misses the Net.
1:23 of 3rd period - Shot by Keith Tkachuk.
1:23 of 3rd period - Stopped by Mike Smith without a rebound.
1:24 of 3rd period - Samuel Pahlsson wins face-off versus Mike Modano in Avalanche zone.
1:28 of 3rd period - Icing by Randy Jones.
1:29 of 3rd period - Mike Modano wins face-off versus Samuel Pahlsson in Avalanche zone.
2:13 of 3rd period - Shot by Mike Modano.
2:13 of 3rd period - Shot Blocked by Mike Rathje.
2:22 of 3rd period - Off-side.
2:23 of 3rd period - Derek Armstrong wins face-off versus Todd White in neutral zone.
2:34 of 3rd period - Shot by Martin Rucinsky.
2:34 of 3rd period - Shot Blocked by Pavel Kubina.
2:38 of 3rd period - Shot by Kevin Klein.
2:38 of 3rd period - Shot Misses the Net.
2:42 of 3rd period - Shot by Marek Svatos.
2:42 of 3rd period - Stopped by Chris Osgood without a rebound.
2:43 of 3rd period - Peter Forsberg wins face-off versus Joffrey Lupul in Flyers zone.
2:43 of 3rd period - Peter Forsberg is hit by Joffrey Lupul.
2:52 of 3rd period - Alexander Radulov is hit by Ken Klee and loses puck.
3:01 of 3rd period - Shot by Peter Forsberg.
3:01 of 3rd period - Shot Misses the Net.
3:03 of 3rd period - Shot by Alexander Radulov.
3:03 of 3rd period - Shot Misses the Net.
3:41 of 3rd period - Off-side.
3:42 of 3rd period - Mike Modano wins face-off versus Todd White in neutral zone.
3:59 of 3rd period - Shot by Keith Tkachuk.
3:59 of 3rd period - Stopped by Mike Smith without a rebound.
4:00 of 3rd period - Derek Armstrong wins face-off versus Samuel Pahlsson in Avalanche zone.
4:08 of 3rd period - Martin Rucinsky is hit by Owen Nolan.
4:31 of 3rd period - Shot by Darryl Sydor.
4:31 of 3rd period - Shot Blocked by Kurt Sauer.
4:35 of 3rd period - Shot by Samuel Pahlsson.
4:35 of 3rd period - Deflect By Sami Kapanen.
4:35 of 3rd period - Stopped by Mike Smith without a rebound.
4:36 of 3rd period - Gary Roberts wins face-off versus Keith Tkachuk in Avalanche zone.
5:03 of 3rd period - Patrick Sharp is hit by Keith Tkachuk and loses puck.
5:31 of 3rd period - Icing by Mike Modano.
5:32 of 3rd period - Peter Forsberg wins face-off versus Mike Modano in Avalanche zone.
5:35 of 3rd period - Shot by Alexander Radulov.
5:35 of 3rd period - Shot Blocked by Randy Jones.
5:58 of 3rd period - Minor Penalty to Wojtek Wolski for Hooking.
5:59 of 3rd period - Todd White wins face-off versus Jozef Stumpel in Flyers zone.
5:59 of 3rd period - Todd White is hit by Keith Ballard.
6:11 of 3rd period - Shot by Keith Tkachuk.
6:11 of 3rd period - Stopped by Mike Smith without a rebound.
6:12 of 3rd period - Jozef Stumpel wins face-off versus Peter Forsberg in Avalanche zone.
6:33 of 3rd period - Shot by Mike Knuble.
6:33 of 3rd period - Stopped by Mike Smith without a rebound.
6:34 of 3rd period - Todd White wins face-off versus Mike Modano in Avalanche zone.
6:41 of 3rd period - Shot by Keith Tkachuk.
6:41 of 3rd period - Stopped by Mike Smith with a rebound.
6:43 of 3rd period - Shot by Todd White.
6:43 of 3rd period - Shot Misses the Net.
6:45 of 3rd period - Shot by Tomas Holmstrom.
6:45 of 3rd period - Stopped by Mike Smith without a rebound.
6:46 of 3rd period - Jozef Stumpel wins face-off versus Peter Forsberg in Avalanche zone.
7:10 of 3rd period - Shot by Wade Redden.
7:10 of 3rd period - Shot Misses the Net.
7:12 of 3rd period - Shot by Alexander Radulov.
7:12 of 3rd period - Deflect By Peter Forsberg.
7:12 of 3rd period - Shot Blocked by Randy Jones.
7:14 of 3rd period - Shot by Mike Knuble.
7:14 of 3rd period - Stopped by Mike Smith without a rebound.
7:15 of 3rd period - Todd White wins face-off versus Jozef Stumpel in Avalanche zone.
8:36 of 3rd period - Shot by Martin Rucinsky.
8:36 of 3rd period - Stopped by Chris Osgood without a rebound.
8:37 of 3rd period - Michal Handzus wins face-off versus Brett Mclean in Flyers zone.
8:37 of 3rd period - Wade Redden is hit by Sergei Brylin and loses puck.
8:58 of 3rd period - Shot by Joffrey Lupul.
8:58 of 3rd period - Shot Misses the Net.
9:02 of 3rd period - Shot by Sergei Brylin.
9:02 of 3rd period - Stopped by Chris Osgood with a rebound.
9:06 of 3rd period - Shot by Keith Ballard.
9:06 of 3rd period - Stopped by Chris Osgood without a rebound.
9:07 of 3rd period - Mike Modano wins face-off versus Todd White in Flyers zone.
9:21 of 3rd period - Shot by Tomas Holmstrom.
9:21 of 3rd period - Shot Hit the Post.
9:23 of 3rd period - Shot by Todd White.
9:23 of 3rd period - Stopped by Mike Smith with a rebound.
9:25 of 3rd period - Shot by Tomas Holmstrom.
9:25 of 3rd period - Deflect By Keith Tkachuk.
9:25 of 3rd period - Shot Misses the Net.
9:27 of 3rd period - Shot by Todd White.
9:27 of 3rd period - Shot Blocked by Ossi Vaananen.
9:29 of 3rd period - Shot by Keith Tkachuk.
9:29 of 3rd period - Shot Blocked by Randy Jones.
9:37 of 3rd period - Shot by Keith Tkachuk.
9:37 of 3rd period - Shot Misses the Net.
10:04 of 3rd period - Minor Penalty to Brent Seabrook for Hooking.
10:05 of 3rd period - Samuel Pahlsson wins face-off versus Jozef Stumpel in Flyers zone.
10:43 of 3rd period - Shot by Jozef Stumpel.
10:43 of 3rd period - Shot Misses the Net.
11:12 of 3rd period - Icing by Brett Mclean.
11:13 of 3rd period - Michal Handzus wins face-off versus Brett Mclean in Avalanche zone.
12:17 of 3rd period - Shot by Kevin Klein.
12:17 of 3rd period - Stopped by Chris Osgood with a rebound.
13:13 of 3rd period - Shot by Patrick Sharp.
13:13 of 3rd period - Deflect By Mike Modano.
13:13 of 3rd period - Stopped by Chris Osgood without a rebound.
13:14 of 3rd period - Brett Mclean wins face-off versus Todd White in Flyers zone.
14:19 of 3rd period - Shot by Mike Modano.
14:19 of 3rd period - Shot Misses the Net.
14:21 of 3rd period - Shot by Patrick Sharp.
14:21 of 3rd period - Stopped by Chris Osgood without a rebound.
14:22 of 3rd period - Derek Armstrong wins face-off versus Michal Handzus in Flyers zone.
14:31 of 3rd period - Marek Svatos is hit by Brent Seabrook and loses puck.
14:49 of 3rd period - Martin Rucinsky is hit by Branko Radivojevic.
14:54 of 3rd period - Major / Game Misconduct Penalty to Jeff Friesen for Unsportsmanlike conduct.
14:54 of 3rd period - Jeff Friesen is ejected from game.
14:55 of 3rd period - Jozef Stumpel wins face-off versus Samuel Pahlsson in Flyers zone.
15:07 of 3rd period - Icing by Mark Recchi.
15:08 of 3rd period - Mark Recchi wins face-off versus Samuel Pahlsson in Avalanche zone.
15:25 of 3rd period - Shot by Sergei Brylin.
15:25 of 3rd period - Shot Misses the Net.
15:54 of 3rd period - Patrick Sharp is hit by Brent Seabrook.
16:23 of 3rd period - Icing by Mark Recchi.
16:24 of 3rd period - Jozef Stumpel wins face-off versus Samuel Pahlsson in Avalanche zone.
16:57 of 3rd period - Shot by Samuel Pahlsson.
16:57 of 3rd period - Shot Misses the Net.
16:59 of 3rd period - Shot by Alexander Radulov.
16:59 of 3rd period - Stopped by Mike Smith without a rebound.
17:00 of 3rd period - Mike Modano wins face-off versus Samuel Pahlsson in Avalanche zone.
17:05 of 3rd period - Peter Forsberg is hit by Randy Jones.
18:01 of 3rd period - Shot by Martin Rucinsky.
18:01 of 3rd period - Stopped by Chris Osgood with a rebound.
18:03 of 3rd period - Shot by Kurt Sauer.
18:03 of 3rd period - Shot Misses the Net.
18:58 of 3rd period - Shot by Jozef Stumpel.
18:58 of 3rd period - Stopped by Chris Osgood without a rebound.
18:59 of 3rd period - Brett Mclean wins face-off versus Michal Handzus in Flyers zone.
19:00 of 3rd period - Avalanche, Mike Smith is pulled from the net.
19:17 of 3rd period - Icing by Kurt Sauer.
19:18 of 3rd period - Michal Handzus wins face-off versus Brett Mclean in Avalanche zone.
19:18 of 3rd period - Brent Seabrook is hit by Keith Ballard and loses puck.


Output by the SimonT Hockey Simulator (STHS) for Stephane Roy -- Original Page W3C XHTML 1.0 Valid